[Event "*** Titled Tuesday Blitz"]
[Site "Chess.com"]
[Date "2020.10.27"]
[Round "7"]
[White "Grandmaster2B"]
[Black "szefru"]
[Result "1-0"]
[WhiteElo "2486"]
[BlackElo "2262"]
[TimeControl "180+1"]
[EndTime "11:18:22 PDT"]
[Termination "Grandmaster2B won by resignation"]

1. e4 Nf6 2. e5 Nd5 3. d4 d6 4.
c4 Nb6 5. exd6 exd6 6. Nf3 Be7 7.
Be2 O-O 8. O-O Bg4 9. b3 Nc6 10.
Bb2 Bf6 11. Na3 Re8 12. Nc2 d5 13. c5 Nc8 14. b4 a6 15. a4 N8e7 16. b5 axb5 17.
axb5 Rxa1 18. Qxa1 Nb8 19. Ne3 Nf5 20. Nxg4 Rxe2 21.
Re1 Rxe1+ 22. Qxe1 Nd7 23. g3 h5 24. Nge5 Qe7 25.
Qa1 h4 26. Qa8+ Kh7 27. Qxb7 hxg3 28. hxg3 Nxe5 29. dxe5 Bg5 30. Qxd5 Bh6 31. Kg2 Qe8 32. b6 cxb6 33. cxb6 Qb8 34. Qxf7 Qxb6 35. Qxf5+ Kg8 36. Qc2 Qb7 37. e6 1-0

[Event "*** Titled Tuesday Blitz"]
[Site "Chess.com"]
[Date "2020.10.27"]
[Round "7"]
[White "FMJoseHerrera"]
[Black "anon102030"]
[Result "1-0"]
[WhiteElo "2571"]
[BlackElo "2739"]
[TimeControl "180+1"]
[EndTime "11:18:23 PDT"]
[Termination "FMJoseHerrera won by resignation"]

1. Nf3 d6 2. g3 g6 3. Bg2 Bg7 4. d3 Nc6 5. Nc3 e5 6. e4 f5 7. h4 h6 8. Be3 Nf6 9. Qd2 Ng4 10. O-O-O O-O 11. Rdf1 Be6 12. d4 fxe4 13. Nxe4 Bd5 14. Nh2 Nxh2 15. Rxh2 Nxd4 16. Bxh6 Qd7 17. c3 Bxe4 18.
Bxe4 Nf5 19. Bxg7 Kxg7 20. h5 Nxg3 21. hxg6 Nxf1 22. Qh6+ Kf6 23. g7+ Ke7 24. Qg5+ Rf6 25. Rh7 Rg8 26. Bd5 Qe8 27. Rh6 c6 28. Qxf6+ Kd7 29. Qe6+ Kc7 30. Qxg8 Qe7 31. Qf7 cxd5 32. Qxe7+ 1-0

[Event "*** Titled Tuesday Blitz"]
[Site "Chess.com"]
[Date "2020.10.27"]
[Round "7"]
[White "vinniethepooh"]
[Black "nubair1198"]
[Result "0-1"]
[WhiteElo "2571"]
[BlackElo "2824"]
[TimeControl "180+1"]
[EndTime "11:18:23 PDT"]
[Termination "nubair1198 won on time"]

1. d4 d5 2. c4 c6 3. cxd5 cxd5 4. Nc3 Nc6 5. Bf4 e5 6. Bxe5 Nxe5 7. dxe5 d4 8. Qa4+ Qd7 9. Nb5 Rb8 10. e3 a6 11.
Rd1 Qc6 12. Nc7+ Kd8 13. Qxd4+ Bd7 14. Nd5 Bc5 15. Qh4+ Ne7 16. b4 Ke8 17. bxc5 Nxd5 18. Qd4 Be6 19. Bc4 Nb4 20. Qc3 Qxc5 21. Rc1 Rc8 0-1

[Event "*** Titled Tuesday Blitz"]
[Site "Chess.com"]
[Date "2020.10.27"]
[Round "7"]
[White "bazar-wokzal"]
[Black "Gloomy_Wanderer"]
[Result "0-1"]
[WhiteElo "2499"]
[BlackElo "2715"]
[TimeControl "180+1"]
[EndTime "11:18:28 PDT"]
[Termination "Gloomy_Wanderer won on time"]

1. e4 c5 2. c3 a6 3. d4 cxd4 4. cxd4 d5 5. e5 Nc6 6. Nc3 Bf5 7. g4 Bg6 8. e6 fxe6 9. f4 Nf6 10. Be3 Qb6 11.
h3 Qxb2 12. Rc1 Ne4 13. Nge2 Nxc3 14. Rxc3 e5 15. f5 Bf7 16. Rb3 Qxa2 17. Rxb7 e6 18.
Qc1 Rc8 19. Rb8 Kd7 20. Rxc8 Bb4+ 21. Kf2 Rxc8 22. Bg2 exd4 23. fxe6+ Bxe6 0-1

[Event "*** Titled Tuesday Blitz"]
[Site "Chess.com"]
[Date "2020.10.27"]
[Round "7"]
[White "Semetey"]
[Black "Fischerev7"]
[Result "1-0"]
[WhiteElo "2552"]
[BlackElo "2416"]
[TimeControl "180+1"]
[EndTime "11:18:28 PDT"]
[Termination "Semetey won by resignation"]

1. e4 c5 2. Nc3 e6 3. Nf3 d5 4. exd5 exd5 5. d4 c4 6. Be2 Nf6 7. O-O Bd6 8. Bg5 Be6 9. Ne5 h6 10. Bh4 Nc6 11. f4 Qb6 12. Nxc6 bxc6 13. f5 Bd7 14. Bxf6 gxf6 15. b3 Qa5 16. Na4 O-O-O 17.
c3 Qc7 18. h3 Rhg8 19. bxc4 dxc4 20. Bxc4 Rg3 21. Rb1 Rdg8 22. Rf2 Bxf5 23. Ba6+ Kd8 24. Rb7 Qa5 25. Qb3 Bxh3 26. Rb8+ Bxb8 27. Qxb8+ Kd7 28. Nc5+ Ke7 29. Re2+ Be6 30. Rxe6+ fxe6 31. Qb7+ Ke8 32.
Qd7+ 1-0

[Event "*** Titled Tuesday Blitz"]
[Site "Chess.com"]
[Date "2020.10.27"]
[Round "7"]
[White "midedu"]
[Black "MustafayevFarid2004"]
[Result "0-1"]
[WhiteElo "2026"]
[BlackElo "2474"]
[TimeControl "180+1"]
[EndTime "11:18:28 PDT"]
[Termination "MustafayevFarid2004 won on time"]

1. e4 c6 2. d4 d5 3. Nd2 dxe4 4. Nxe4 Bf5 5. Ng3 Bg6 6. Nf3 Nd7 7. Bc4 e6 8. Qe2 Ngf6 9. O-O Be7 10. Re1 O-O 11. Bxe6 Bb4 12. c3 Re8 13. cxb4 Rxe6 14. Be3 Nd5 15.
Qd2 Qb6 16. a3 Rae8 17. Rac1 h6 18. Nh4 Bh7 19. Nhf5 Qd8 20. Bxh6 Rxe1+ 21. Rxe1 Rxe1+ 22. Qxe1 gxh6 23. Nxh6+ Kg7 24. Nhf5+ Kf8 25. Nd6 Qb8 26. Nc4 Qf4 27. Qd2 Qxd2 28. Nxd2 Ke7 29. Nge4 Nf8 30. f3 Ne6 31. Nb3 Bxe4 32. fxe4 Ne3 33. Kf2 Nd1+ 34. Kf3 Nxb2 35. a4 Nd3 36. b5 Ne1+ 37.
Ke3 Nxg2+ 38. Kd3 cxb5 39. axb5 Ne1+ 40. Kc4 Nf3 41. d5 Ne5+ 42. Kb4 Ng5 43. Nd2 Ngf3 0-1

[Event "*** Titled Tuesday Blitz"]
[Site "Chess.com"]
[Date "2020.10.27"]
[Round "7"]
[White "Lady_Nika"]
[Black "BlackBoarder"]
[Result "1-0"]
[WhiteElo "2465"]
[BlackElo "2575"]
[TimeControl "180+1"]
[EndTime "11:18:29 PDT"]
[Termination "Lady_Nika won on time"]

1. d4 e6 2. e3 Nf6 3. Bd3 c5 4. c3 Nc6 5. f4 b6 6. Nf3 a5 7. Qe2 Nb8 8. O-O Ba6 9. Nbd2 Bxd3 10. Qxd3 Nc6 11. Ne5 Qc7 12. b3 d6 13. Nxc6 Qxc6 14.
c4 cxd4 15. exd4 d5 16. Re1 Be7 17. Nf3 O-O 18. Ne5 Qb7 19. Bb2 Rac8 20. Re3 dxc4 21. bxc4 Rfd8 22. Rh3 Qe4 23. Qb3 Rxd4 24. Re3 Qxf4 25.
Bxd4 Qxd4 26. Rd1 Qc5 27. Kh1 Qc7 28. Qb5 Bc5 29. Re2 h6 30. h3 Rd8 31. Rxd8+ Qxd8 32. Qb1 Qd4 33. Qe1 Bd6 34. Nf3 Qf4 35. Qd2 Qxc4 36.
Re1 Bf8 37. Rc1 Qd5 38. Qf2 Bc5 39. Qb2 a4 40. Qc2 a3 41. Rd1 Qe4 42. Rd8+ Kh7 43. Qd1 Nh5 44. Ng5+ 1-0

[Event "*** Titled Tuesday Blitz"]
[Site "Chess.com"]
[Date "2020.10.27"]
[Round "7"]
[White "MoreChessJulia"]
[Black "Qvalda"]
[Result "0-1"]
[WhiteElo "2050"]
[BlackElo "2386"]
[TimeControl "180+1"]
[EndTime "11:18:29 PDT"]
[Termination "Qvalda won by resignation"]

1. d4 g6 2. h4 Bg7 3. h5 c5 4. c3 d5 5. Nf3 Bg4 6. hxg6 hxg6 7.
Rxh8 Bxh8 8. Bf4 Bxf3 9. gxf3 Nc6 10. e3 cxd4 11. cxd4 Qb6 12. Qd2 e6 13. Nc3 a6 14.
O-O-O Nf6 15. Kb1 Nd7 16. Rc1 Bf6 17. Na4 Qa7 18. Bd6 Be7 19. Bxe7 Kxe7 20. f4 Qb8 21. Nc5 Nxc5 22. Rxc5 Qd6 23. Qc3 Rh8 24. Bxa6 Rh1+ 25. Kc2 Rh2 26. Bxb7 Rxf2+ 27. Kb3 Nd8 28. Rc7+ Kf6 29.
Qc5 Nxb7 30. Rxb7 Qa6 31. Qe7+ Kf5 32. Qxf7+ Ke4 33. Qxg6+ Kxe3 34. Rb4 Qc6 35. Qf6 Rf3 36. Qe5+ Kd2+ 0-1

[Event "*** Titled Tuesday Blitz"]
[Site "Chess.com"]
[Date "2020.10.27"]
[Round "7"]
[White "Khazieva_Elza"]
[Black "lelya96"]
[Result "1-0"]
[WhiteElo "2481"]
[BlackElo "2203"]
[TimeControl "180+1"]
[EndTime "11:18:30 PDT"]
[Termination "Khazieva_Elza won by resignation"]

1. e4 e5 2. Nf3 Nc6 3. d3 g6 4. g3 Bg7 5. Bg2 d6 6. O-O Nge7 7. c3 O-O 8. d4 Kh8 9. dxe5 dxe5 10. Qxd8 Rxd8 11.
Nbd2 h6 12. b4 Be6 13. Nb3 Bc4 14. Re1 Bxb3 15. axb3 Rd3 16. b5 Nd8 17. Ba3 Nc8 18.
Red1 Rxd1+ 19. Rxd1 Ne6 20. Bh3 Bf6 21. Bxe6 fxe6 22.
Rd7 c6 23. Rxb7 cxb5 24. Rxb5 Nb6 25. Bc5 Nd7 26. Be3 Rc8 27. c4 g5 28. Rb7 Rd8 29. Rxa7 Nf8 30. Rf7 Bg7 31. c5 Rd1+ 32. Kg2 Rc1 1-0

[Event "*** Titled Tuesday Blitz"]
[Site "Chess.com"]
[Date "2020.10.27"]
[Round "7"]
[White "Kaslask"]
[Black "PawnEatingZombie"]
[Result "1-0"]
[WhiteElo "2354"]
[BlackElo "2180"]
[TimeControl "180+1"]
[EndTime "11:18:30 PDT"]
[Termination "Kaslask won on time"]

1. d4 d5 2. c4 e6 3. Nc3 Bb4 4. cxd5 exd5 5. Bf4 c6 6. e3 Ne7 7. Bd3 Bf5 8. Nf3 Bxd3 9. Qxd3 O-O 10. O-O Ng6 11. Bg3 Nd7 12. a3 Be7 13. b4 a6 14.
Rab1 b5 15. Nd2 a5 16. e4 axb4 17. axb4 Nb6 18. e5 Ra3 19. f4 f5 20. exf6 Bxf6 21. f5 Ne7 22. Nb3 Re8 23. Be5 Nc4 24. Qg3 Kh8 25. Rf4 Ng8 26. Rh4 Nxe5 27. Rh5 Nf7 28. Qg6 Nfh6 29. Qg3 Qb8 30. Qf3 Qd6 31. Nd2 Qe7 32. Nf1 Raa8 33. Rh3 Qd7 34. g4 Bg5 35. Rh5 Qe7 36. h4 Be3+ 37. Kh1 Ra3 38. Nd1 Qe4 39.
Qxe4 Rxe4 40. Ndxe3 1-0

[Event "*** Titled Tuesday Blitz"]
[Site "Chess.com"]
[Date "2020.10.27"]
[Round "7"]
[White "IngOscarArdila"]
[Black "Kotofeyca"]
[Result "0-1"]
[WhiteElo "2164"]
[BlackElo "2354"]
[TimeControl "180+1"]
[EndTime "11:18:32 PDT"]
[Termination "Kotofeyca won by resignation"]

1. d4 d5 2. Nf3 c6 3. g3 Bg4 4. Bg2 Nd7 5. Nbd2 e6 6. O-O f5 7. b3 Ngf6 8. Bb2 Bd6 9. c4 Qe7 10. Rc1 Ne4 11. cxd5 exd5 12. Re1 O-O 13. Qc2 Bb4 14.
Rcd1 Qd6 15. Ne5 Bxd2 16. Rxd2 Nxd2 17. Qxd2 Bh5 18. Qg5 Be8 19. Bh3 Qf6 20. Qf4 g5 21. Qd2 Nxe5 22. dxe5 Qe7 23. f4 h6 24. Qd3 Qe6 25.
Kh1 Bg6 26. Rg1 Kh7 27. e3 Bh5 28. Bg2 Bg4 29. h3 Bh5 30. g4 Bg6 31. Qd1 gxf4 32. exf4 fxg4 33. hxg4 Rxf4 34. Bh3 Be4+ 35. Kh2 Rf2+ 36.
Bg2 Rxb2 37. Kg3 Rxg2+ 38. Rxg2 Bxg2 39. Kxg2 Rg8 40. Qd3+ Qg6 41. Qf3 Qxg4+ 42. Qxg4 Rxg4+ 0-1

[Event "*** Titled Tuesday Blitz"]
[Site "Chess.com"]
[Date "2020.10.27"]
[Round "7"]
[White "Cambek64"]
[Black "canary2016"]
[Result "1-0"]
[WhiteElo "2324"]
[BlackElo "1949"]
[TimeControl "180+1"]
[EndTime "11:18:32 PDT"]
[Termination "Cambek64 won by resignation"]

1. e4 c5 2. Nf3 d6 3. c3 Nf6 4. Bd3 e5 5. O-O Be7 6. h3 O-O 7. Re1 Be6 8. Bf1 Nc6 9. d4 cxd4 10. cxd4 exd4 11. Nxd4 Nxd4 12. Qxd4 Qc7 13. Nc3 Rac8 14. Qxa7 Rfd8 15. Be3 Qc6 16. Bb5 Qc7 17. Bb6 Qb8 18.
Qxb8 Rxb8 19. Bxd8 Rxd8 20. a4 d5 21. Rad1 dxe4 22.
Rxd8+ Bxd8 23. Nxe4 Nxe4 24. Rxe4 Bf6 25. Re2 g6 26. f3 Kg7 27. Kf2 Bd4+ 28. Ke1 b6 29.
Kd1 Bb3+ 30. Kc1 Be6 31. Kc2 Bf5+ 32. Bd3 Be6 33. b3 Bd7 34. g4 Be6 35. Bc4 Bxc4 36. bxc4 Kf6 37. f4 Bc5 38. Kd3 h5 39. Ke4 hxg4 40. hxg4 Ke6 41. Ra2 f5+ 42. gxf5+ gxf5+ 43. Kf3 Kd6 44. a5 bxa5 45. Rxa5 Kc6 46. Rb5 Kd6 47. Kg3 Kc6 48. Kh4 Be7+ 49. Kh5 Kd6 50. Kg6 Ke6 51. Re5+ Kd6 52. Rxe7 Kxe7 53. Kxf5 Kd6 54.
Kg6 Kc5 55. f5 Kxc4 56. f6 Kd5 57. f7 Ke6 58. f8=Q Ke5 59. Qf7 1-0

[Event "*** Titled Tuesday Blitz"]
[Site "Chess.com"]
[Date "2020.10.27"]
[Round "7"]
[White "Sibelephant"]
[Black "maciek_92"]
[Result "1-0"]
[WhiteElo "3080"]
[BlackElo "2720"]
[TimeControl "180+1"]
[EndTime "11:18:33 PDT"]
[Termination "Sibelephant won by resignation"]

1. Nf3 c5 2. b3 Nc6 3. Bb2 Nf6 4. c4 d5 5. cxd5 Nxd5 6. e3 a6 7. Be2 Nf6 8. O-O e6 9. d4 cxd4 10. Nxd4 Nxd4 11. Bxd4 Be7 12. Nd2 O-O 13. Nc4 b5 14. Bf3 Nd5 15. Nb6 Rb8 16. Nxd5 exd5 17. Be5 Rb7 18.
Qd4 Bf6 19. Bxf6 Qxf6 20. Qxf6 gxf6 21. Bxd5 Rd7 22. Rfd1 Rfd8 23. Bf3 Kg7 24. Rxd7 Rxd7 25. Rc1 Rd8 26. Kf1 Be6 27. Ke1 a5 28. Rc5 Rb8 29. Bd5 a4 30. b4 Rb6 31. Ke2 f5 32. Kd3 Kf6 33. Kd4 Ke7 34. a3 Bd7 35. Rc7 Rh6 36. h3 Rh4+ 37. f4 Kd6 38. Ra7 Rh6 39. Ra6+ 1-0

[Event "*** Titled Tuesday Blitz"]
[Site "Chess.com"]
[Date "2020.10.27"]
[Round "7"]
[White "olksuna"]
[Black "Ural_bogatyr"]
[Result "1-0"]
[WhiteElo "2610"]
[BlackElo "2352"]
[TimeControl "180+1"]
[EndTime "11:18:34 PDT"]
[Termination "olksuna won by resignation"]

1. e4 e5 2. Nf3 Nc6 3. Bc4 Nf6 4. d3 h6 5. c3 d6 6. b4 g5 7. a4 Bg7 8. a5 Ne7 9. Nbd2 c6 10. Bb3 Ng6 11.
Nc4 O-O 12. O-O Qc7 13. Ne3 Nf4 14. g3 Nh3+ 15. Kg2 d5 16. Qc2 Nh5 17. Nf5 Bxf5 18. exf5 N3f4+ 19. gxf4 exf4 20. d4 g4 21. Ne5 Bxe5 22.
dxe5 f3+ 23. Kh1 Qxe5 24. Rg1 Nf6 25. Bxh6 Kh7 26. Rae1 Qd6 27. Qd2 Rh8 28. Bc2 Rag8 29. Qf4 Qd8 30. Bg5 Kg7 31. Bxf6+ Qxf6 32. Rxg4+ Kf8 33.
Qb8+ 1-0

[Event "*** Titled Tuesday Blitz"]
[Site "Chess.com"]
[Date "2020.10.27"]
[Round "7"]
[White "googlegoom"]
[Black "silverback96"]
[Result "0-1"]
[WhiteElo "2371"]
[BlackElo "2239"]
[TimeControl "180+1"]
[EndTime "11:18:35 PDT"]
[Termination "silverback96 won on time"]

1. Nf3 Nf6 2. b3 g6 3. Bb2 Bg7 4. e3 O-O 5. d4 c5 6. Be2 Ne4 7. Nbd2 Qa5 8. O-O Nc3 9. Qe1 Nxe2+ 10. Qxe2 d5 11. c4 dxc4 12. Nxc4 Qc7 13. Rac1 b6 14. Nce5 Ba6 15. Nd3 Nd7 16. Rfd1 Rfd8 17. dxc5 Nxc5 18. Bxg7 Kxg7 19. Qb2+ f6 20. Nxc5 Rxd1+ 21. Rxd1 Qxc5 22. Nd4 Kf7 23. Rc1 Qd6 24. b4 Bb7 25. b5 Qd5 26. f3 Rd8 27. a4 e5 28. Nc6 Bxc6 29. bxc6 Rc8 30. c7 Qd6 31. Qc3 Ke7 32. Qc4 Qc5 33.
Qxc5+ bxc5 34. Rxc5 Kd6 35. Ra5 Rxc7 36. Ra6+ Kc5 37.
Rxf6 a5 38. Re6 Kb4 39. Rxe5 Kxa4 40. Kf2 Kb4 41. Re8 Rc5 42. Rb8+ Rb5 0-1

[Event "*** Titled Tuesday Blitz"]
[Site "Chess.com"]
[Date "2020.10.27"]
[Round "7"]
[White "verdest"]
[Black "Dr_crypt"]
[Result "1-0"]
[WhiteElo "2623"]
[BlackElo "2451"]
[TimeControl "180+1"]
[EndTime "11:18:37 PDT"]
[Termination "verdest won by resignation"]

1. d4 d5 2. c4 c6 3. Nf3 Nf6 4. e3 e6 5. Bd3 Nbd7 6. b3 Bb4+ 7. Bd2 Bd6 8. Nc3 O-O 9. O-O e5 10. cxd5 cxd5 11. dxe5 Nxe5 12. Be2 Nxf3+ 13. Bxf3 Be5 14. Rc1 Be6 15. Nb5 a6 16. Nd4 Bxd4 17. exd4 h6 18. Re1 Qd7 19. Bb4 Rfc8 20. h3 Rxc1 21. Qxc1 Rc8 22.
Qf4 Qb5 23. Be7 Ne8 24. Bh5 Qd7 25. Bc5 Rc6 26. Bg4 b6 27. Bb4 a5 28. Ba3 Bxg4 29. Re7 Rf6 30. Qxg4 Qxg4 31. Rxe8+ Kh7 32. hxg4 1-0

[Event "*** Titled Tuesday Blitz"]
[Site "Chess.com"]
[Date "2020.10.27"]
[Round "7"]
[White "TheMagnet"]
[Black "dopolian"]
[Result "1-0"]
[WhiteElo "2574"]
[BlackElo "2426"]
[TimeControl "180+1"]
[EndTime "11:18:37 PDT"]
[Termination "TheMagnet won by resignation"]

1. d4 Nf6 2. c4 c5 3. d5 e6 4. Nc3 exd5 5. cxd5 d6 6. e4 g6 7. f4 Bg7 8. Nf3 O-O 9. Be2 Bg4 10. O-O Re8 11. h3 Bxf3 12. Bxf3 Nbd7 13. Re1 Rb8 14. Be3 b5 15. Bf2 b4 16. Na4 Qa5 17. a3 b3 18. Nc3 c4 19. Kh1 Nc5 20. Bxc5 Qxc5 21. e5 dxe5 22. fxe5 Nd7 23. e6 Ne5 24. Ne4 Qa5 25.
Nd6 Red8 26. exf7+ Nxf7 27. Nxc4 Qc5 28. Rc1 Rbc8 29.
Bg4 Rc7 30. Be6 Qd4 31. Qxb3 Kh8 32. Red1 Qe4 33. d6 Rb7 34. Qf3 Qxf3 35. gxf3 Ng5 36. Bd5 Rb3 37. Kg2 h5 38. h4 Nh7 39. Rc2 Rb5 40. Be4 Nf6 41. Bxg6 Rc5 42. Ne3 Re5 43. Nc4 Rc5 44. b4 Re5 45. Nxe5 1-0

[Event "*** Titled Tuesday Blitz"]
[Site "Chess.com"]
[Date "2020.10.27"]
[Round "7"]
[White "MattyDPerrine"]
[Black "Witik"]
[Result "0-1"]
[WhiteElo "2490"]
[BlackElo "2707"]
[TimeControl "180+1"]
[EndTime "11:18:40 PDT"]
[Termination "Witik won by resignation"]

1. e4 c5 2. Nf3 Nc6 3. Bb5 e6 4. O-O Nge7 5. Re1 a6 6. Bf1 d5 7.
exd5 Nxd5 8. a4 Be7 9. Na3 O-O 10. Nc4 b6 11. g3 Rb8 12. Bg2 Qc7 13. d3 Bb7 14. Nfe5 Nxe5 15. Nxe5 Rbd8 16. Qe2 Nb4 17. Bxb7 Qxb7 18. c3 Nd5 19. Qf3 f6 20. Nc4 e5 21. Ne3 Rd7 22. Nf5 Rfd8 23. Qg4 Bf8 24. h4 Qc6 25. h5 Kh8 26. Bd2 Qe6 27. Rad1 Ne7 28. Ne3 Qxg4 29. Nxg4 Rxd3 0-1

[Event "*** Titled Tuesday Blitz"]
[Site "Chess.com"]
[Date "2020.10.27"]
[Round "7"]
[White "GM_Levan_Pantsulaia"]
[Black "albi1999"]
[Result "1-0"]
[WhiteElo "2848"]
[BlackElo "2616"]
[TimeControl "180+1"]
[EndTime "11:18:41 PDT"]
[Termination "GM_Levan_Pantsulaia won by resignation"]

1. Nf3 d5 2. g3 Bg4 3. Bg2 Nd7 4. O-O c6 5. d3 e5 6. Nbd2 Ngf6 7. h3 Bh5 8. e4 dxe4 9. dxe4 Bc5 10. Qe1 O-O 11. Nb3 Bb6 12. a4 Re8 13. a5 Bc7 14. Bd2 b5 15. Bb4 Qc8 16. Nh4 Nf8 17. Nf5 Kh8 18.
Qc3 Be2 19. Rfe1 Bc4 20. Nd2 Ne6 21. Nxc4 bxc4 22. Qxc4 c5 23. Bd2 g6 24. Ne3 Rb8 25.
b3 Bd8 26. c3 Qb7 27. Ra3 Kg7 28. Nd5 Rc8 29. Be3 h5 30. h4 Ng4 31. Bh3 Nxe3 32.
Rxe3 Qc6 33. Rd3 Rb8 34. b4 Qb5 35. Qxb5 Rxb5 36. c4 cxb4 37. cxb5 bxa3 38. Rxa3 Nd4 39. Bf1 Re6 40. b6 axb6 41. a6 Be7 42. Nxe7 Rxe7 43. a7 Rxa7 44. Rxa7 1-0

[Event "*** Titled Tuesday Blitz"]
[Site "Chess.com"]
[Date "2020.10.27"]
[Round "7"]
[White "beto-betun"]
[Black "AsaHoffmann"]
[Result "0-1"]
[WhiteElo "2198"]
[BlackElo "2357"]
[TimeControl "180+1"]
[EndTime "11:18:42 PDT"]
[Termination "AsaHoffmann won by resignation"]

1. d4 Nf6 2. Nf3 d6 3. g3 c6 4.
Bg2 Bf5 5. O-O Nbd7 6. c4 h6 7. b3 e5 8. dxe5 dxe5 9. Bb2 Qc7 10. Nc3 a5 11. Nh4 Bh7 12. e4 Bc5 13. Qe2 O-O 14.
a3 Bd4 15. Nd1 Nc5 16. b4 axb4 17. axb4 Rxa1 18. Bxa1 Nb3 19. Bxd4 Nxd4 20. Qb2 Nxe4 21. Ne3 Nd6 22. c5 N6b5 23. Nc4 Re8 24. Nf3 Nxf3+ 25.
Bxf3 e4 26. Re1 Bf5 27. Bg2 Qd7 28. Ne3 Bh3 29. Rd1 Qe6 30. Qd2 Bxg2 31. Kxg2 Qb3 32. Qd7 Rf8 33. Qxb7 Qxb4 34. Rd7 Qxc5 35. Ng4 Nd4 36. Ne3 Ne6 37. h4 Qe5 38. Re7 Qd6 39. Nf5 Qd5 40. Ne3 Qc5 41. Nf5 Qxf5 0-1

[Event "*** Titled Tuesday Blitz"]
[Site "Chess.com"]
[Date "2020.10.27"]
[Round "7"]
[White "druskacik"]
[Black "enriquetejedor"]
[Result "1-0"]
[WhiteElo "2618"]
[BlackElo "2479"]
[TimeControl "180+1"]
[EndTime "11:18:44 PDT"]
[Termination "druskacik won on time"]

1. d4 Nf6 2. Nf3 d5 3. g3 Bg4 4. Bg2 Bxf3 5. Bxf3 Nc6 6. c3 e5 7. e3 exd4 8. exd4 h6 9. h4 Bd6 10. Kf1 O-O 11. Kg2 Re8 12. Nd2 Ne7 13. Nf1 c6 14.
Ne3 Qd7 15. a4 Nf5 16. Qd3 Ne4 17. Ng4 Re7 18. Be3 h5 19. Ne5 Bxe5 20. dxe5 Rxe5 21. Bf4 Re6 22. Bxh5 Nfd6 23. Bg4 f5 24. Bf3 Rae8 25. h5 Nf7 26. a5 R6e7 27. Qd4 c5 28. Qd3 Rd8 29. Rh4 d4 30. c4 Nf6 31. Rah1 Rde8 32. h6 g5 33. h7+ Kh8 34. Bd2 gxh4 35. Rxh4 Ne5 36. Qa3 Nxf3 37. Qxf3 Qc6 38. Bg5 Qxf3+ 39. Kxf3 Re6 40. b4 Ne4 41. Bf4 cxb4 42. Rh5 Rf6 43. Rh1 b3 44. Rb1 Nc5 45. Bg5 1-0

[Event "*** Titled Tuesday Blitz"]
[Site "Chess.com"]
[Date "2020.10.27"]
[Round "7"]
[White "sara_khm"]
[Black "DinaBelenkaya"]
[Result "0-1"]
[WhiteElo "2572"]
[BlackElo "2375"]
[TimeControl "180+1"]
[EndTime "11:18:44 PDT"]
[Termination "DinaBelenkaya won on time"]

1. d4 d5 2. c4 dxc4 3. Nf3 Nf6 4. e3 a6 5. Bxc4 c5 6. Bb3 e6 7. Nc3 b5 8. a4 b4 9. Ne2 Bb7 10. dxc5 Qxd1+ 11. Bxd1 Nbd7 12. c6 Bxc6 13. Ned4 Bd5 14.
a5 Nc5 15. Be2 Nfe4 16. O-O g6 17. Nd2 e5 18. Nxe4 Bxe4 19. Nf3 f6 20. Bc4 Rd8 21. Ne1 Bd5 22. Bxd5 Rxd5 23. Nc2 Nd3 24. e4 Rc5 25. Ne3 Kf7 26. Rd1 Nf4 27. Bd2 Rc7 28. Kf1 Bc5 29. Nc4 Nd3 0-1

[Event "*** Titled Tuesday Blitz"]
[Site "Chess.com"]
[Date "2020.10.27"]
[Round "7"]
[White "LuisFSiles"]
[Black "Miss_JJ20"]
[Result "1-0"]
[WhiteElo "2303"]
[BlackElo "2437"]
[TimeControl "180+1"]
[EndTime "11:18:44 PDT"]
[Termination "LuisFSiles won on time"]

1. e4 e6 2. d4 d5 3. Nd2 Nf6 4. Bd3 c5 5. c3 Nc6 6. Ngf3 cxd4 7. cxd4 dxe4 8. Nxe4 Be7 9. Nc3 h6 10. O-O O-O 11.
Re1 b6 12. Be3 Bb7 13. Ne5 Nb4 14. Bb1 Rc8 15. Qd2 Re8 16. Bxh6 gxh6 17. Qxh6 Bf8 18.
Qg5+ Bg7 19. Re3 Nfd5 20. Qh5 Bxe5 21. Rxe5 Qf6 22. Bh7+ Kf8 23. Ne4 Qg7 24. Rg5 Nf4 25. Qh4 Ne2+ 26. Kh1 Bxe4 27. Rxg7 Kxg7 28. Qxe4 Nd5 29.
Qxe2 Kxh7 30. Qh5+ Kg7 31. Qg4+ Kf6 32. Re1 Ke7 33.
Qg5+ Kd7 34. Qg7 1-0

[Event "*** Titled Tuesday Blitz"]
[Site "Chess.com"]
[Date "2020.10.27"]
[Round "7"]
[White "Cocaino74"]
[Black "WonderChampion"]
[Result "1-0"]
[WhiteElo "2372"]
[BlackElo "2022"]
[TimeControl "180+1"]
[EndTime "11:18:44 PDT"]
[Termination "Cocaino74 won on time"]

1. a4 d5 2. Ra3 e6 3. Rg3 Nf6 4. e3 c5 5. Nc3 Nc6 6. h4 d4 7. Nce2 Ne4 8. Rf3 Be7 9. d3 Nf6 10.
h5 O-O 11. e4 Ne5 12. Rg3 Kh8 13. Qd2 c4 14. Rxg7 Kxg7 15. Qg5+ Ng6 16. hxg6 fxg6 17. Nf4 Ng8 18. Rxh7+ Kxh7 19. Qxg6+ Kh8 20. Qh5+ Kg7 21. Nxe6+ Bxe6 22. Nf3 Rf6 23. g4 Rg6 24. Ne5 Rf6 25. g5 Qa5+ 26. Bd2 Qxe5 27. gxf6+ Qxf6 28. e5 Qg6 29. Qh2 Nh6 30. dxc4 Ng4 31. Qg3 Rh8 32. Bd3 Nxe5 33. Bxg6 Nxg6 34. Qc7 Kf7 35. Qxb7 Bxc4 36. Bg5 Re8 37. Kd1 Be6 38. Qxa7 Nf4 39.
Bxf4 1-0

[Event "*** Titled Tuesday Blitz"]
[Site "Chess.com"]
[Date "2020.10.27"]
[Round "7"]
[White "Vamostodorecto"]
[Black "oogee"]
[Result "0-1"]
[WhiteElo "2331"]
[BlackElo "2192"]
[TimeControl "180+1"]
[EndTime "11:18:45 PDT"]
[Termination "oogee won by checkmate"]

1. d4 Nf6 2. c4 g6 3. Nc3 Bg7 4. e4 d6 5. Be2 O-O 6. Nf3 e5 7.
O-O Nc6 8. d5 Ne7 9. Ne1 Nd7 10.
Be3 f5 11. f3 f4 12. Bf2 g5 13.
Rc1 Rf6 14. c5 Nxc5 15. b4 Na6 16. Nb5 Bd7 17. a4 Rh6 18. Rc4 b6 19. Qc2 Qe8 20.
Nxc7 Nxc7 21. Rxc7 Qh5 22. h4 Rd8 23. Bb5 Bxb5 24.
axb5 Bf6 25. Rxa7 g4 26. fxg4 Qxg4 27. Nf3 Kh8 28. Rfa1 Rg8 29. Ne1 Bxh4 30. Bxh4 Qxh4 31. Qc7 f3 32. Nxf3 Qg3 33. Ne1 Qe3+ 34. Kf1 Rh1# 0-1

[Event "*** Titled Tuesday Blitz"]
[Site "Chess.com"]
[Date "2020.10.27"]
[Round "7"]
[White "Corre_por_tu_vida"]
[Black "topotun"]
[Result "0-1"]
[WhiteElo "2561"]
[BlackElo "2767"]
[TimeControl "180+1"]
[EndTime "11:18:47 PDT"]
[Termination "topotun won by resignation"]

1. e4 c5 2. Nf3 e6 3. d4 cxd4 4. Nxd4 Nc6 5. Nc3 Qc7 6. f4 a6 7.
Be3 b5 8. Bd3 Nxd4 9. Bxd4 Qxf4 10. Rf1 Qg5 11. Qf3 Nh6 12. e5 Rb8 13. Ne4 Qh4+ 14. g3 Qg4 15. Qe3 Bb7 16. Rf4 Qh3 17.
Rh4 Qg2 18. Rxh6 gxh6 19. O-O-O Be7 20. Nd6+ Bxd6 21. exd6 Rf8 22. Bf6 Rc8 23. Kb1 Qf3 24. Qxf3 Bxf3 25. Rf1 Bh5 26. a4 Bg6 27. axb5 Bxd3 28.
cxd3 axb5 29. Rf4 Rg8 30. Rb4 Rg6 31. Be7 f6 32. Rxb5 e5 33. Rb7 h5 34. b4 Rc3 35.
Rc7 Rb3+ 36. Kc2 Rxb4 37. Rc8+ Kf7 38. Rd8 Ke6 39. Re8 h4 40. gxh4 Rxh4 41. Bf8+ Kf7 42. Rd8 Rg8 43. Kc3 Rxf8 44. Rxd7+ Ke6 45. Re7+ Kxd6 46.
Rg7 Rc8+ 47. Kd2 Rxh2+ 48. Ke3 Rc7 0-1

[Event "*** Titled Tuesday Blitz"]
[Site "Chess.com"]
[Date "2020.10.27"]
[Round "7"]
[White "Bastiandash"]
[Black "aleksey1203borisovi4"]
[Result "0-1"]
[WhiteElo "2333"]
[BlackElo "2500"]
[TimeControl "180+1"]
[EndTime "11:18:47 PDT"]
[Termination "aleksey1203borisovi4 won by resignation"]

1. d4 g6 2. Nf3 d6 3. Bg5 Bg7 4. Nbd2 Nc6 5. c3 Nf6 6. e4 O-O 7. Be2 h6 8. Bh4 Bg4 9. O-O Re8 10. Qc2 a6 11. Rfe1 e5 12. dxe5 dxe5 13. Rad1 g5 14. Bg3 Qe7 15. Nc4 Nh5 16. Ne3 Bxf3 17. Bxf3 Nf4 18. Nf5 Qe6 19. h4 Ne7 20. Bg4 Nxf5 21.
Bxf5 Qf6 22. Bxf4 gxf4 23. h5 Rad8 24. Qe2 Kh8 25. Bg4 Rg8 26. f3 Qe7 27. Rxd8 Rxd8 28. Rd1 Bf6 29. b4 Bh4 30. Rd5 c6 31. Rd3 Bg3 32. Qd1 Rxd3 33. Qxd3 Qh4 34. Bh3 Bf2+ 35. Kh1 Bb6 36. Qd2 Kg7 37. a4 Be3 38. Qe2 Qd8 39. Kh2 b5 40. axb5 axb5 41. c4 bxc4 42. g3 c3 43. gxf4 Bxf4+ 44. Kg1 Qd2 0-1